AoeStats
← Iguano Pop

Migration

505761564Analyzed
1v1 RM · 22d ago on Sep 10, 2026· 38m 8s· 2 players
Game mode
Random Map
Map size
132×132
Population
200
Speed
Normal
Resources
Standard
Victory
Conquest
Starting age
Dark Age
Ending age
Imperial Age
RankedLock teamsTeams togetherTeam positionsShared explorationLock speedFull tech treeHidden civsTurbo modeCheats
Victory
Defeat
🇲🇽 Lithuanians · Mexico
1263
+16
🇺🇸 Persians · United States
1265
-16
Iguano Pop
7:15 Loom
11:23 Feudal Age
12:04 Feudal Age
17:03 Castle Age
16:12 Town Watch
17:17 Fletching
19:07 Bodkin Arrow
21:26 Wheelbarrow
32:19 Hand Cart
33:14 Double-Bit Axe
37:03 Imperial Age
34:59 Gold Mining
35:00 Stone Mining
rafa_ceja99
2:50 Loom
12:01 Feudal Age
12:48 Double-Bit Axe
12:58 Gold Mining
18:32 Castle Age
20:01 Medium Warships
20:49 Bow Saw
22:27 Horse Collar
23:56 Fishing Lines
24:34 Stone Mining
29:20 Gillnets
33:46 Imperial Age
33:33 Gold Shaft Mining
35:02 Chemistry
35:35 Elite Cannon Galleon
Connection lost

Rejoining the realm…

Still unreachable

The connection could not be restored.

Session expired

The server has moved on; the page needs a fresh start.